 Dungeon Crawl Stone Soup version 0.14-a0-1969-g2c76abe (webtiles) character file.

133150 Kae the Imperceptible (level 16, -6/69 HPs)
             Began as a Spriggan Enchanter on Jan 17, 2014.
             Was a High Priest of Dithmengos.
             Killed from afar by a greater naga (35 damage)
             ... with an orb of energy
             ... on Level 5 of the Snake Pit.
             The game lasted 01:48:56 (35507 turns).

Kae the Imperceptible (Spriggan Enchanter)         Turns: 35507, Time: 01:48:56

HP  -6/69        AC  6     Str  6 (8)  XL: 16   Next: 48%
MP  11/39        EV 29     Int 14 (17) God: Dithmengos [*****.]
Gold 4504        SH  0     Dex 15      Spells:  6 memorised, 26 levels left

rFire  . . .     SeeInvis +     b - +6,+5 orc dagger (venom)
rCold  . . .     Clarity  .     i - +1 robe
rNeg   . . .     Conserve +     (shield restricted)
rPois  +         rCorr    .     F - +1 hat {MR+}
rElec  .         rRot     .     y - +2 cloak
SustAb . .       Spirit   .     (gloves unavailable)
rMut   .         Warding  .     (boots unavailable)
Saprov . . .     Stasis   .     g - amulet of conservation
MR     ++++.                    n - ring of poison resistance
                                s - ring of protection from magic

@: burdened, mildly poisoned, wreathed by umbra, drained, very quick, incredibly
resistant to hostile enchantments, incredibly stealthy
A: unfitting armour, see invisible, clumsy 2, deformed body, deterioration 1,
herbivore 3, speed 3, frail 1, screaming 2, slow healing 1, slow metabolism 2
a: Shadow Step, Shadow Form, Renounce Religion


You were on level 5 of the Snake Pit.
You worshipped Dithmengos.
Dithmengos was extremely pleased with you.
You were encumbered.
You were full.

You visited 5 branches of the dungeon, and saw 34 of its levels.
You also visited: Bailey and Ice Cave.

You collected 4552 gold pieces.
You spent 48 gold pieces at shops.

Inventory:

Hand weapons
 a - a +1,+1 dagger
 b - a +6,+5 orcish dagger of venom (weapon)
Missiles
 d - 11 darts (quivered)
 H - 4 poisoned tomahawks
Armour
 i - a +1 robe (worn)
 y - a +2 cloak (worn)
 F - a +1 hat of magic resistance (worn)
Magical devices
 o - a wand of digging (7)
 v - a wand of hasting (9)
 E - a wand of hasting (6)
Comestibles
 l - 4 bread rations
Scrolls
 j - 11 scrolls of remove curse
 m - 3 scrolls of fear
 p - 4 scrolls of blinking
 q - 3 scrolls of fog
 u - 7 scrolls of teleportation
 z - 3 scrolls of magic mapping
 C - 5 scrolls of identify
Jewellery
 e - an uncursed ring of positive energy
 g - an amulet of conservation (around neck)
 n - a ring of poison resistance (right hand)
 s - a ring of protection from magic (left hand)
 B - an uncursed ring of flight
 I - an uncursed amulet of resist corrosion
 J - an uncursed ring of wizardry
 L - an uncursed amulet of clarity
Potions
 f - a potion of lignification
 h - 3 potions of heal wounds
 k - 4 potions of brilliance
 x - a potion of magic
 D - 3 potions of speed
 K - 8 potions of curing
Miscellaneous
 c - a sack of spiders


   Skills:
 * Level 5.8(5.7) Fighting
 * Level 17.0(16.9) Short Blades
 - Level 1.1(1.0) Throwing
 * Level 15.3(15.2) Dodging
 + Level 21.6(21.5) Stealth
 + Level 13.4(13.3) Spellcasting
 + Level 13.5(13.4) Hexes


You had 26 spell levels left.
You knew the following spells:

 Your Spells              Type           Power        Failure   Level  Hunger
a - Corona                Hex            #####..      1%          1    None
b - Ensorcelled Hibernat  Hex/Ice        ####..       1%          2    None
c - Confuse               Hex            #####...     1%          3    None
d - Invisibility          Hex            #####...     6%          6    ######.
e - Apportation           Tloc           #.........   10%         1    None
f - Blink                 Tloc           N/A          14%         2    None


Dungeon Overview and Level Annotations

Branches:
Dungeon (16/16)            Temple (1/1) D:5             Orc (4/4) D:12
    Elf (0/3) Orc:4          Lair (8/8) D:11          Swamp (0/5) Lair:3
  Snake (5/5) Lair:3        Slime (0/6) Lair:8       Vaults (0/5) D:15
 Depths (0/6) D:16

Altars:
Ashenzari
Cheibriados
Dithmengos
Elyvilon
Fedhas
Kikubaaqudgha
Makhleb
Nemelex Xobeh
Okawaru
Sif Muna
Trog
Vehumet
Xom
Yredelemnul
Zin
the Shining One
Beogh

Shops:
D:14 (   Orc:4 }([%   Snake:5 %

Annotations:
D:3 Kae's ghost, average SpEn


Innate Abilities, Weirdness & Mutations

You are tiny and cannot use many weapons and most armour.
You have supernaturally acute eyesight.
You are a herbivore.
You cover ground extremely quickly.
You need consume almost no food.
You are very clumsy. (Dex -4)
Armour fits poorly on your strangely shaped body.
Your body is slowly deteriorating.
You are frail (-10% HP).
You sometimes yell uncontrollably.
You heal slowly when monsters are visible.


Message History

Confirm with . or Enter, or press ? or * to list all spells.
Aiming: Confuse
Press: ? - help, Shift-Dir - straight line, f/p - greater naga
Aim: a greater naga, wielding a club and wearing a robe (umbra)
The greater naga is unaffected.
Casting: Confuse
Confirm with . or Enter, or press ? or * to list all spells.
Aiming: Confuse
Press: ? - help, Shift-Dir - straight line, f/p - greater naga
Aim: a greater naga, wielding a club and wearing a robe (umbra)
The greater naga is unaffected.
Your shadow mimicks your spell!
The greater naga is unaffected.
You feel sick. The greater naga casts a spell at you.
The orb of energy misses you.
You feel sick. The greater naga casts a spell at you.
The orb of energy hits you!
Ouch! That really hurt!
You die...

#...#.####.#............#.......
####.#......#.#######....#.......
#....#..<...#.##.#########....)..
#.####......#......)......%###)..
#.# #.........#.[...........)...
#.# #.........#.#############...
#.# #......####.######'#### #(..
#.# #.<.........##........# #...
#.# #.#.#..###.@##.#......# #...
#.# #.#.#..###..##.#......# #...
#.# #.#..%.##..%N..#......# #...
#.####......##.........)...# #...
#....####........%.........# #...
####.# #........###.......###...
#.####........# #.........#...
#.............# #.........#...
######........# #.........#...


You could see a greater naga.

Vanquished Creatures
  Saint Roka (Orc:4)
  Louise (Snake:3)
  Gastronok (Orc:1)
  7 hydras
  Fannar (D:15)
  Harold (D:14)
  Josephine (D:16)
  4 anacondas
  The ghost of Piginabag the Covert, a powerful OpTm of Dithmengos (Orc:2)
  17 death yaks
  8 naga warriors
  A fire crab (shapeshifter) (D:16)
  6 centaur warriors
  A rakshasa (D:16)
  A skeletal warrior (D:15)
  3 unseen horrors
  5 hill giants
  An orc sorcerer (Orc:3)
  Pikel (D:7)
  A flayed ghost (D:10)
  Joseph (Orc:1)
  A giant amoeba (Lair:8)
  2 wolf spiders (Lair:8)
  A shining eye (shapeshifter) (D:16)
  A griffon (D:14)
  6 orc knights
  14 elephants
  7 cyclopes
  A fire giant skeleton (D:16)
  3 guardian serpents
  A black mamba (shapeshifter) (D:16)
  A red wasp (Lair:8)
  28 black mambas
  13 spiny frogs
  2 fire drakes
  An eye of devastation (D:16)
  An efreet (D:15)
  A yaktaur (D:15)
  12 naga magi
  A harpy zombie (D:14)
  2 hydra zombies
  5 komodo dragons
  17 blink frogs
  A polar bear (Lair:5)
  Prince Ribbit (D:6)
  A giant firefly (shapeshifter) (D:16)
  7 trolls
  2 ravens (shapeshifter)
  A fire dragon zombie (D:14)
  A trapdoor spider (D:12)
  A basilisk (Lair:8)
  3 brown oozes (Lair:8)
  22 slime creatures
  A basilisk (shapeshifter) (D:16)
  4 wyverns
  2 redbacks (Lair:8)
  21 ugly things
  A fire dragon skeleton (D:16)
  3 hill giant zombies
  A merfolk (D:7)
  16 humans (D:15)
  4 sharks (Lair:5)
  A griffon skeleton (D:16)
  31 yaks
  14 hungry ghosts
  A harpy simulacrum (D:16)
  5 manticores
  17 hippogriffs
  4 vampire mosquitoes (D:16)
  5 wolves (Lair:1)
  A hydra simulacrum (D:15)
  A soldier ant (D:9)
  10 porcupines
  2 slaves (D:7)
  2 dwarves (D:7)
  A giant goldfish (Lair:5)
  43 nagas
  2 yellow wasps
  14 ice beasts
  5 sky beasts
  46 orc warriors
  A boring beetle (shapeshifter) (D:15)
  A boring beetle (Lair:7)
  13 crocodiles
  6 phantoms
  7 ogres
  A fire crab zombie (D:16)
  8 centaurs
  3 wargs
  A yaktaur zombie (D:16)
  3 big kobolds
  32 water moccasins
  5 giant slugs
  11 agate snails
  20 giant frogs
  2 cyclops zombies (D:15)
  A wyvern skeleton (D:10)
  A cyclops skeleton (D:16)
  A troll skeleton (D:10)
  A vampire bat (Lair:1)
  A boulder beetle zombie (D:16)
  A troll zombie (D:12)
  9 wights
  4 electric eels (Lair:5)
  A hippogriff skeleton (D:8)
  A jellyfish (Lair:5)
  9 crimson imps
  4 goliath beetles
  A quasit (D:9)
  3 spiders (Lair:8)
  6 jellies
  12 hounds
  A centaur zombie (D:10)
  Crazy Yiuf (D:6)
  A cyclops simulacrum (D:14)
  2 giant frog skeletons
  25 orc priests
  4 big fish
  28 orc wizards
  11 iguanas
  3 scorpions
  7 orange rats (Lair:7)
  20 worker ants
  A hippogriff simulacrum (D:14)
  7 ogre zombies (D:12)
  5 sheep (Lair:7)
  A mottled dragon zombie (D:15)
  A crocodile zombie (D:12)
  Ijyb (D:5)
  Jessica (D:2)
  3 boggarts (D:16)
  An ogre skeleton (D:6)
  Terence (D:3)
  2 mummies
  35 adders
  6 gnolls
  48 green rats
  3 giant centipedes
  A giant mite (D:2)
  4 worms
  3 giant eyeballs
  2 giant geckos
  2 oozes
  211 orcs
  A ball python (Snake:1)
  31 bats
  3 giant cockroaches
  21 hobgoblins
  25 jackals
  10 quokkas
  3 giant newts
  2 giant spores
  23 goblins
  2 goblin zombies (D:12)
  5 hobgoblin zombies (D:12)
  A jackal zombie (D:8)
  47 kobolds
  A kobold zombie (D:6)
  5 orc skeletons (D:12)
  13 orc zombies (D:12)
  24 rats
  3 ballistomycetes
  2 fungi
1317 creatures vanquished.

Vanquished Creatures (others)
  A necrophage (D:9)
  A sky beast (D:9)
  An ogre (D:9)
  2 giant frogs
  A troll skeleton (D:9)
  A hound (D:9)
  2 giant spores (D:10)
  An orc zombie (D:9)
  2 ballistomycetes (D:10)
  A plant (Lair:8)
13 creatures vanquished.

Grand Total: 1330 creatures vanquished

Notes
Turn   | Place    | Note
--------------------------------------------------------------
     0 | D:1      | Kae, the Spriggan Enchanter, began the quest for the Orb.
     0 | D:1      | Reached XP level 1. HP: 9/9 MP: 4/4
   289 | D:1      | Reached XP level 2. HP: 10/13 MP: 7/7
   337 | D:1      | Learned a level 2 spell: Ensorcelled Hibernation
   384 | D:1      | Reached skill level 4 in Stealth
   905 | D:2      | Reached XP level 3. HP: 9/16 MP: 9/9
  1045 | D:2      | Learned a level 3 spell: Confuse
  1076 | D:2      | Found a basalt altar of Yredelemnul.
  1102 | D:2      | Noticed Jessica
  1109 | D:2      | Killed Jessica
  1109 | D:2      | Reached skill level 5 in Stealth
  1183 | D:2      | Reached XP level 4. HP: 13/21 MP: 13/13
  1561 | D:3      | Noticed Kae's ghost (average SpEn)
  1860 | D:3      | Found a bloodstained altar of Trog.
  1865 | D:3      | Noticed Terence
  2256 | D:3      | Killed Terence
  2256 | D:3      | Reached XP level 5. HP: 18/24 MP: 4/16
  2460 | D:3      | Reached skill level 6 in Stealth
  3071 | D:4      | Reached XP level 6. HP: 21/28 MP: 15/18
  3198 | D:4      | Reached skill level 7 in Stealth
  3211 | D:4      | Paralysed by a giant eyeball for 2 turns
  3898 | D:5      | Entered Level 5 of the Dungeon
  3993 | D:5      | Found a shattered altar of Ashenzari.
  4008 | D:5      | Found a staircase to the Ecumenical Temple.
  4016 | D:5      | Reached skill level 8 in Stealth
  4016 | D:5      | Reached XP level 7. HP: 6/32 MP: 21/21
  4020 | Temple   | Entered the Ecumenical Temple
  4371 | D:5      | Reached skill level 5 in Hexes
  4389 | D:5      | Noticed Ijyb
  4400 | D:5      | Killed Ijyb
  4400 | D:5      | Reached skill level 5 in Short Blades
  4583 | D:5      | Found a blossoming altar of Fedhas.
  4882 | D:5      | Reached skill level 9 in Stealth
  4967 | D:6      | Noticed Prince Ribbit
  4989 | D:6      | Killed Prince Ribbit
  4989 | D:6      | Reached skill level 5 in Spellcasting
  4989 | D:6      | Reached XP level 8. HP: 27/36 MP: 21/24
  5229 | D:6      | Reached skill level 10 in Stealth
  5357 | D:6      | Found a shadowy altar of Dithmengos.
  5358 | D:6      | Found a blossoming altar of Fedhas.
  5358 | D:6      | Found a glowing silver altar of Zin.
  5359 | D:6      | Found a sparkling altar of Nemelex Xobeh.
  5359 | D:6      | Found a glowing golden altar of the Shining One.
  5365 | D:6      | Became a worshipper of Dithmengos
  5387 | D:6      | Found a radiant altar of Vehumet.
  5688 | D:6      | Noticed Crazy Yiuf
  5694 | D:6      | Killed Crazy Yiuf
  6007 | D:7      | Reached skill level 11 in Stealth
  6059 | D:7      | Reached XP level 9. HP: 39/39 MP: 26/26
  6088 | D:7      | Found an iron altar of Okawaru.
  6208 | D:7      | Noticed Pikel
  6260 | D:7      | Killed Pikel
  6260 | D:7      | Reached skill level 12 in Stealth
  6943 | D:8      | Reached skill level 13 in Stealth
  7068 | D:8      | Reached XP level 10. HP: 44/44 MP: 29/29
  7279 | D:8      | Noticed a hill giant
  7283 | D:8      | Killed a hill giant
  7489 | D:9      | Acquired Dithmengos' first power
  7589 | D:9      | Learned a level 6 spell: Invisibility
  8044 | D:10     | Entered Level 10 of the Dungeon
  8473 | D:10     | Reached skill level 10 in Short Blades
  8620 | D:10     | Reached skill level 14 in Stealth
  8685 | D:10     | Noticed a seven-headed hydra
  8739 | D:10     | Noticed a centaur warrior
  8757 | D:10     | Killed a seven-headed hydra
  8978 | D:10     | Killed a centaur warrior
  9361 | D:10     | Reached XP level 11. HP: 42/47 MP: 13/31
  9478 | D:10     | Noticed an unseen horror
  9484 | D:10     | Killed an unseen horror
  9558 | D:10     | Noticed a flayed ghost
  9571 | D:10     | Killed a flayed ghost
  9571 | D:10     | Acquired Dithmengos' second power
  9571 | D:10     | Reached skill level 15 in Stealth
  9871 | D:10     | Noticed an unseen horror
  9874 | D:10     | Killed an unseen horror
  9887 | D:10     | Found a roughly hewn altar of Beogh.
 10474 | D:11     | Found a frozen archway.
 10497 | IceCv    | Entered an ice cave
 10529 | IceCv    | Noticed an ice statue
 10529 | IceCv    | Noticed an ice statue
 10572 | IceCv    | Gained mutation: You are clumsy. (Dex -2) [mutagenic glow]
 10730 | IceCv    | Acquired Dithmengos' third power
 11601 | D:11     | Found a staircase to the Lair.
 11792 | D:11     | Reached skill level 16 in Stealth
 11856 | D:11     | Paralysed by a potion of paralysis for 4 turns
 11878 | D:11     | Lost mutation: You are clumsy. (Dex -2) [potion of cure mutation]
 12115 | D:12     | Found a staircase to the Orcish Mines.
 12565 | D:12     | Acquired Dithmengos' fourth power
 12637 | D:12     | Reached skill level 10 in Hexes
 13094 | D:12     | Noticed a hill giant
 13100 | D:12     | Killed a hill giant
 13100 | D:12     | Reached XP level 12. HP: 51/51 MP: 30/33
 13271 | Lair:1   | Entered Level 1 of the Lair of Beasts
 13571 | Lair:1   | Reached skill level 10 in Spellcasting
 13590 | Lair:1   | Reached skill level 17 in Stealth
 15125 | Lair:3   | Found a staircase to the Snake Pit.
 15450 | Lair:3   | Found a staircase to the Swamp.
 15887 | Lair:4   | Reached skill level 18 in Stealth
 15891 | Lair:4   | Reached skill level 5 in Dodging
 16749 | Lair:5   | Reached XP level 13. HP: 55/55 MP: 30/34
 16812 | Lair:5   | Noticed a seven-headed hydra
 16823 | Lair:5   | Killed a seven-headed hydra
 18371 | Lair:6   | Reached skill level 19 in Stealth
 18867 | Lair:7   | Gained mutation: You are frail (-10% HP). [mutagenic glow]
 18907 | Lair:7   | Gained mutation: Your body is slowly deteriorating. [mutagenic glow]
 19312 | Lair:8   | Entered Level 8 of the Lair of Beasts
 19319 | Lair:8   | Found a staircase to the Slime Pits.
 19320 | Lair:8   | Reached XP level 14. HP: 49/53 MP: 31/36
 19737 | Lair:8   | Reached skill level 10 in Dodging
 19746 | Lair:8   | Reached skill level 20 in Stealth
 20077 | Lair:8   | Found a dark tunnel.
 20168 | Lair:8   | Reached skill level 15 in Short Blades
 21393 | D:13     | Found a blossoming altar of Fedhas.
 21516 | D:13     | Reached skill level 1 in Fighting
 21981 | Orc:1    | Entered Level 1 of the Orcish Mines
 21981 | Orc:1    | Noticed Joseph
 21989 | Orc:1    | Killed Joseph
 22001 | Orc:1    | Noticed Gastronok
 22012 | Orc:1    | Killed Gastronok
 22177 | Orc:1    | Gained mutation: You heal slowly when monsters are visible. [mutagenic glow]
 22824 | Orc:2    | Noticed Piginabag's ghost (powerful OpTm)
 22827 | Orc:2    | Killed Piginabag's ghost
 22904 | Orc:1    | Gained mutation: You are clumsy. (Dex -2) [mutagenic glow]
 23150 | Orc:1    | Found a glowing golden altar of the Shining One.
 24008 | Orc:3    | Found a flagged portal.
 24031 | Bailey   | Entered a bailey
 25169 | Orc:4    | Entered Level 4 of the Orcish Mines
 25174 | Orc:4    | Found a staircase to the Elven Halls.
 25435 | Orc:4    | Found a roughly hewn altar of Beogh.
 25435 | Orc:4    | Found Ifurritutaj's Gadget Emporium.
 25535 | Orc:4    | Gained mutation: Armour fits poorly on your strangely shaped body. [mutagenic glow]
 25557 | Orc:4    | Gained mutation: You are very clumsy. (Dex -4) [mutagenic glow]
 25680 | Orc:4    | Noticed Saint Roka
 25681 | Orc:4    | Found Cannar's Antique Armour Boutique.
 25681 | Orc:4    | Found a roughly hewn altar of Beogh.
 25686 | Orc:4    | Reached XP level 15. HP: 60/60 MP: 31/37
 25687 | Orc:4    | Found Ytiap's Antique Weapon Shop.
 25692 | Orc:4    | Killed Saint Roka
 25725 | Orc:4    | Gained mutation: You occasionally shout uncontrollably. [mutagenic glow]
 25927 | Orc:4    | Found a roughly hewn altar of Beogh.
 25970 | Orc:4    | Found a roughly hewn altar of Beogh.
 26043 | Orc:4    | Found a roughly hewn altar of Beogh.
 26131 | Orc:4    | Found a roughly hewn altar of Beogh.
 26210 | Orc:4    | Found a roughly hewn altar of Beogh.
 26213 | Orc:4    | Found Lailaomo's Food Shop.
 26241 | Orc:4    | Bought a bread ration for 48 gold pieces
 26479 | D:14     | Learned a level 1 spell: Apportation
 26482 | D:14     | Learned a level 2 spell: Blink
 26522 | D:14     | Noticed Harold
 26523 | D:14     | Found Thehuum's Weapon Boutique.
 26532 | D:14     | Killed Harold
 26947 | D:15     | Entered Level 15 of the Dungeon
 27066 | D:15     | Reached skill level 21 in Stealth
 27233 | D:15     | Found a gate to the Vaults.
 27233 | D:15     | Noticed Fannar
 27245 | D:15     | Killed Fannar
 27378 | D:15     | Gained mutation: You sometimes yell uncontrollably. [mutagenic glow]
 27822 | D:16     | Entered Level 16 of the Dungeon
 27946 | D:16     | Noticed Josephine
 27956 | D:16     | Killed Josephine
 28004 | D:16     | Found a staircase to the Depths.
 29119 | Snake:1  | Entered Level 1 of the Snake Pit
 29172 | Snake:1  | Reached XP level 16. HP: 67/67 MP: 36/38
 29352 | Snake:1  | Reached skill level 5 in Fighting
 31429 | Snake:2  | Identified a scroll of acquirement
 31430 | Snake:2  | Got a scintillating pewter ring
 31433 | Snake:2  | Identified the ring "Skagapint" {+/*Tele Str+1 Int+4 Stlth--} (You acquired it on level 2 of the Snake Pit)
 31611 | Snake:3  | Noticed Louise
 31613 | Snake:3  | Killed Louise
 33280 | Snake:5  | Entered Level 5 of the Snake Pit
 33291 | Snake:5  | Reached skill level 15 in Dodging
 33910 | Snake:5  | Found Yteaheat's Food Shop.
 35507 | Snake:5  | Killed from afar by a greater naga

Action                   |  1- 3 |  4- 6 |  7- 9 | 10-12 | 13-15 | 16-18 || total
-------------------------+-------+-------+-------+-------+-------+-------++-------
Melee: Dagger            |    65 |   180 |   158 |   721 |   983 |   179 ||  2286
Throw: Dart              |       |       |       |     2 |       |       ||     2
 Cast: Corona            |     3 |       |     1 |       |       |       ||     4
       Ensorcelled Hiber |     1 |    32 |    63 |   175 |   209 |   158 ||   638
       Confuse           |       |     2 |    15 |    34 |    12 |    22 ||    85
       Invisibility      |       |       |       |    16 |    40 |     1 ||    57
Invok: Shadow Step       |       |       |       |     3 |     6 |    15 ||    24
       Shadow Form       |       |       |       |       |       |     1 ||     1
 Abil: Evoke Flight      |       |       |       |       |     3 |       ||     3
Evoke: Wand              |       |       |       |    15 |     4 |     1 ||    20
  Use: Scroll            |       |    14 |     1 |    28 |     7 |    10 ||    60
       Potion            |       |     1 |       |    11 |     4 |     3 ||    19
 Stab: Sleeping          |    10 |    31 |    58 |   241 |   525 |    92 ||   957
       Confused          |       |     1 |     7 |    13 |     7 |     5 ||    33
       Distracted        |       |       |     2 |     3 |     3 |       ||     8
       Invisible         |       |       |       |    34 |    59 |     1 ||    94
